 Dungeon Crawl Stone Soup version 0.30.1-11-g7821555f0a (webtiles) character file.

Game seed: 18163911795091071084

482 monsoonserge the Caller (level 6, -5/26 HPs)
             Began as a Felid Summoner on Dec 7, 2023.
             Killed from afar by a white imp (7 damage)
             ... with a puff of frost
             ... on level 6 of the Dungeon.
             The game lasted 00:23:06 (6823 turns).

monsoonserge the Caller (Felid Summoner)            Turns: 6823, Time: 00:23:08

Health: -5/26      AC:  2    Str:  4    XL:     6   Next: 87%
Magic:  18/22      EV: 19    Int: 19    God:
Gold:   208        SH:  0    Dex: 19    Spells: 5/13 levels left
                                        Lives:  0   Deaths: 1

rFire   . . .        (weapon unavailable)
rCold   . . .        (shield unavailable)
rNeg    . . .        (body armour unavailable)
rPois   +            (helmet unavailable)
rElec   .            (cloak unavailable)
rCorr   .            (gloves unavailable)
SInv    +            (boots unavailable)
Will    .....        e - amulet of the acrobat
Stlth   +++          l - ring of the Charming Genius {rPois MP+9 Dex+3}
HPRegen 0.24/turn    (no ring)
MPRegen 0.18/turn

%: acrobat
@: very slightly contaminated, quick
A: very small, claws 1, fangs 3, see invisible, speed 1, shaggy fur 2, stealthy
paws, no weapons or thrown items, no armour, multi-lived
a: no special abilities


You were on level 6 of the Dungeon.
You visited 1 branch of the dungeon, and saw 6 of its levels.

You collected 208 gold pieces.

Inventory:

Jewellery
 e - an amulet of the acrobat (around neck)
 l - the ring of the Charming Genius (left paw) {rPois MP+9 Dex+3}
   (You found it on level 4 of the Dungeon)

   [ring of poison resistance]

   Dex:       It affects your dexterity (+3).
   rPois:     It protects you from poison.
   MP:        It affects your magic capacity (+9).
Wands
 n - a wand of flame (28) (quivered)
 p - a wand of charming (9)
Scrolls
 c - 4 scrolls of identify {unknown}
 d - 7 scrolls of teleportation {unknown}
 f - a scroll of fear {unknown}
 g - a scroll of amnesia {unknown}
 i - a scroll of enchant armour {unknown}
 o - a scroll of butterflies {unknown}
 q - a scroll of brand weapon {unknown}
Potions
 a - a potion of magic
 b - a potion of attraction
 h - a potion of cancellation {unknown}
 j - 2 potions of haste {unknown}
 k - a potion of invisibility {unknown}
 m - 2 potions of mutation {unknown}
 r - 2 potions of curing


   Skills:
 * Level 2.0 Fighting
 + Level 3.9 Dodging
 + Level 3.9 Stealth
 + Level 0.9 Unarmed Combat
 - Level 4.0 Spellcasting
 * Level 6.0 Summonings
 * Level 1.9 Translocations
 * Level 1.5 Evocations


You had 5 spell levels left.
You knew the following spells:

 Your Spells              Type           Power      Damage    Failure   Level
a - Summon Small Mammal   Summ           100%       N/A       1%          1
b - Call Imp              Summ           52%        N/A       1%          2
c - Call Canine Familiar  Summ           26%        N/A       3%          3
d - Blink                 Tloc           22%        N/A       10%         2

Your spell library contained the following spells:

 Spells                   Type           Power      Damage    Failure   Level
 Lesser Beckoning         Tloc           22%        N/A       10%         2
 Summon Guardian Golem    Hex/Summ       15%        N/A       12%         3
 Necrotise                Necr           12%        1d4       14%         1
 Momentum Strike          Conj/Tloc      14%        3d8       14%         2
 Cigotuvi's Dreadful Rot  Necr/Pois/Air  6%         N/A       21%         2
 Sublimation of Blood     Necr           3%         N/A       21%         2
 Wereblood                Tmut           3%         N/A       21%         2
 Summon Lightning Spire   Summ/Air       15%        N/A       36%         4
 Ignite Poison            Fire/Tmut/Pois 3%         N/A       38%         3
 Vampiric Draining        Necr           3%         2d6       38%         3
 Dispel Undead            Necr           3%         3d7       80%         4
 Agony                    Necr           3%         N/A       98%         5
 Freezing Cloud           Conj/Ice/Air   1%         6-21      98%         5
 Death Channel            Necr           1%         N/A       100%        6
 Summon Hydra             Summ           13%        N/A       100%        7


Dungeon Overview and Level Annotations

Branches:
Dungeon (6/15)
 Temple: D:4-7

Altars:
Ashenzari
Cheibriados
Elyvilon
Fedhas
Makhleb
Qazlal
Yredelemnul

Shops:
D:5 :

Annotations:
D:5 2 transporters, PredatorCatcher's ghost, amateur GnFi


Innate Abilities, Weirdness & Mutations

You have sharp claws.
You have razor-sharp teeth.
You have supernaturally acute eyesight. (SInv)
You cover ground quickly. (Speed+)
You are covered in thick fur. (AC +2)
Your paws help you pounce on unaware monsters.
You are incapable of wielding weapons or throwing items.
You cannot wear armour.
You gain extra lives every three experience levels.


Message History

There is a stone staircase leading down here.
Partly explored, unvisited transporter.
The walking frostbound tome's pages rustle loudly.
There is a stone staircase leading down here.
You climb downwards.
There is a stone staircase leading up here.
The white imp shouts, "Fly, thou currish ruttish clam!"
You scratch the white imp but do no damage.
Your bite misses the white imp. The white imp gestures at you.
The puff of frost hits you!
Casting: Summon Small Mammal (safe; 1% risk of failure)
Confirm with . or Enter, or press ? or * to list all spells.
A tiny devil pulls itself out of the air.
The white imp gestures at you. The puff of frost hits you!
Aiming: Throw Flame
Press: ? - help, Q - select action, (/) - cycle Shift-Dir - straight line, f - white imp
Aim: a white imp (ally target, 71% to hit)
The puff of flame hits the white imp.
The white imp is burned terribly!
The white imp is moderately wounded.
The white imp gestures at you. The puff of frost hits you!
* * * LOW HITPOINT WARNING * * *
Your cerulean imp hits the white imp from afar with a -2 spear.
Okay, then.
Casting: Call Imp (safe; 1% risk of failure)
Confirm with . or Enter, or press ? or * to list all spells.
Okay, then.
Casting: Call Imp (safe; 1% risk of failure)
Confirm with . or Enter, or press ? or * to list all spells.
You don't know that spell.
Casting: Call Imp (safe; 1% risk of failure)
Confirm with . or Enter, or press ? or * to list all spells.
You miscast Blink.
You are very lightly contaminated with residual magic.
Nothing appears to happen.
The white imp gestures at you. The puff of frost hits you!
You die...

##+#########
...........#
.......<...#
.......@.5.#
.......5...#
##+#########


You could see a white imp (ally target) and a friendly cerulean imp (summoned).

Vanquished Creatures
  A sleepcap (D:5)
  2 adders
  A white imp (D:3)
  An orc (D:3)
  4 ball pythons
  A bat (D:1)
  5 endoplasms
  4 giant cockroaches
  3 goblins
  A hobgoblin (D:4)
  2 quokkas
  4 frilled lizards
  2 kobolds (D:2)
  3 rats
34 creatures vanquished.

Vanquished Creatures (collateral kills)
  2 black bears (D:5)
  A phantom (D:5)
  A sleepcap (D:4)
  An orc wizard (D:3)
  A mummy (D:3)
  4 gnolls (D:4)
  4 adders
  A white imp (D:5)
  An ufetubus (D:5)
  2 dart slugs (D:1)
  9 orcs
  5 ball pythons
  3 bats
  5 endoplasms
  5 giant cockroaches
  3 goblins
  7 hobgoblins
  3 kobolds
  2 quokkas
  2 frilled lizards
  4 rats
66 creatures vanquished.

Grand Total: 100 creatures vanquished

Notes
Turn   | Place    | Note
-------+----------+-------------------------------------------
     0 | D:1      | monsoonserge the Felid Summoner began the quest for the
                  | Orb.
     0 | D:1      | Reached XP level 1. HP: 7/7 MP: 4/4
   144 | D:1      | Reached XP level 2. HP: 8/11 MP: 3/6
   158 | D:1      | Learned a level 2 spell: Call Imp
  1043 | D:1      | Reached XP level 3. HP: 14/14 MP: 4/7
  1589 | D:2      | Learned a level 3 spell: Call Canine Familiar
  1673 | D:2      | Found a faded altar of an unknown god.
  1680 | D:2      | Reached XP level 4. HP: 14/18 MP: 5/9
  2602 | D:3      | Found a burning altar of Makhleb.
  2604 | D:3      | Found a stormy altar of Qazlal.
  2930 | D:3      | Found a blossoming altar of Fedhas.
  3052 | D:3      | Found a snail-covered altar of Cheibriados.
  3276 | D:3      | Reached XP level 5. HP: 20/21 MP: 5/10
  3351 | D:3      | Reached skill level 5 in Summonings
  3832 | D:3      | Killed from afar by an orc priest
  3833 | D:3      | Reached XP level 4. HP: -5/18 MP: 1/9
  4309 | D:4      | Identified the +2 pair of boots "Puedghytt" {rPois rF+ rC-
                  | rN+}
  4463 | D:4      | Found a basalt altar of Yredelemnul.
  4505 | D:4      | Identified the ring of the Charming Genius {rPois MP+9
                  | Dex+3}
  4716 | D:4      | Found a broken altar of Ashenzari.
  4746 | D:4      | Reached XP level 5. HP: 21/21 MP: 11/11
  4753 | D:4      | Reached skill level 1 in Fighting
  5381 | D:5      | Entered Level 5 of the Dungeon
  5383 | D:5      | Noticed a black bear
  5648 | D:5      | Learned a level 2 spell: Blink
  5680 | D:5      | Noticed a hornet
  5685 | D:5      | Noticed PredatorCatcher's ghost (amateur GnFi)
  5688 | D:5      | Found a transporter.
  5732 | D:5      | Found a transporter.
  6058 | D:5      | Noticed a phantom
  6088 | D:5      | Killed a phantom
  6089 | D:5      | Reached skill level 1 in Translocations
  6147 | D:5      | Found Aclug's Book Boutique.
  6147 | D:5      | Noticed a walking earthen tome
  6148 | D:5      | Noticed a walking frostbound tome
  6160 | D:5      | Gained mutation: You are covered in thick fur. (AC +2)
                  | [Felid growth]
  6160 | D:5      | Reached XP level 6. HP: 25/25 MP: 12/12
  6200 | D:5      | Reached skill level 1 in Evocations
  6611 | D:5      | Reached skill level 6 in Summonings
  6738 | D:5      | Found a white marble altar of Elyvilon.
  6822 | D:6      | HP: 1/26 [white imp/puff of frost (7)]
  6823 | D:6      | Killed from afar by a white imp

Illustrated notes

Levels and vault maps discovered:
D:1:      erik_arrival_blinker_ship, layout_loops_corners, minmay_tetromino_o2
D:2:      layout_basic, shapermc_ecumenical_altar_pompeii, minmay_misc_feat_tiny
D:3:      layout_loops_corners, slow_altar_2, mainiacjoe_overflow_catwalk,
          nicolae_overflow_hidden_temple
D:4:      layout_basic, mainiacjoe_overflow_small_starburst,
          yredelemnul_altar_generic
D:5:      layout_basic, lemuel_coloured_pillars_altar, serial_shops,
          nicolae_shop_mannequins, serial_glass, glass_columns_c,
          glass_columns_a, glass_columns_b, glass_columns_a, glass_columns_a,
          glass_columns_a, gammafunk_ghost_hive, bh_walls_and_bars
D:6:      layout_basic, mainiacjoe_overflow_brackets

Skill      XL: |  1  2  3  4  5  6 |
---------------+-------------------+-----
Stealth        | 3 |  3.9
Spellcasting   | 3 4 |  4.0
Dodging        | 3 |  3.9
Summonings     | 5 6 |  6.0
Fighting       | 1 2 |  2.0
Translocations | 1 |  1.9
Evocations     | 1 |  1.5
Unarmed Combat | |  0.9

Action                     |  1- 3 |  4- 6 || total
---------------------------+-------+-------++-------
  Melee: Unarmed           |    67 |   144 ||   211
         Punch             |     2 |     2 ||     4
         Bite              |     7 |    20 ||    27
   Cast: Summon Small Mamm |    33 |    94 ||   127
         Call Imp          |    16 |    47 ||    63
         Call Canine Famil |       |    11 ||    11
  Evoke: Wand              |       |     2 ||     2
    Use: Potion            |       |     3 ||     3
   Stab: Sleeping          |     7 |     7 ||    14
         Distracted        |       |     3 ||     3
 Armour: Skin              |     4 |     8 ||    12
  Dodge: Dodged            |    57 |   141 ||   198
